 Dungeon Crawl Stone Soup version 0.29-a0-997-gf6f7e2dfe7 (webtiles) character file.

Game seed: 8734448027282012102

28 Newt the Shooter (level 3, -4/20 HPs)
             Began as a Kobold Arcane Marksman on Aug 4, 2022.
             Slain by a worm (9 damage)
             ... on level 2 of the Dungeon.
             The game lasted 00:01:26 (883 turns).

Newt the Shooter (Kobold Arcane Marksman)            Turns: 883, Time: 00:01:27

Health: -4/20      AC:  5    Str:  9    XL:     3   Next: 27%
Magic:  2/4        EV: 15    Int: 14    God:
Gold:   68         SH:  0    Dex: 15    Spells: 3/4 levels left

rFire   . . .      SeeInvis .   a - +1 sling
rCold   . . .      Faith    .   (no shield)
rNeg    . . .      Spirit   .   c - +0 robe
rPois   .          Reflect  .   (no helmet)
rElec   .          Harm     .   f - +0 cloak
rCorr   .          Rampage  .   (no gloves)
Will    +....                   (no boots)
Stlth   +++.......              (no amulet)
HPRegen 0.06/turn               (no ring)
MPRegen 0.09/turn               (no ring)

@: very slightly contaminated
A: small, no large weapons, nightstalker 3, talons 1, iridescent scales 1,
strong-willed 1
a: no special abilities


You were on level 2 of the Dungeon.
You visited 1 branch of the dungeon, and saw 2 of its levels.

You collected 68 gold pieces.

Inventory:

Hand Weapons
 a - a +1 sling (weapon)
Armour
 c - a +0 robe (worn)
 f - a +0 cloak (worn)
Scrolls
 b - a scroll of vulnerability
 g - a scroll of immolation
Potions
 h - a potion of cancellation {unknown}
 i - a potion of brilliance {unknown}


   Skills:
 + Level 1.4 Fighting
 + Level 4.4 Ranged Weapons
 - Level 2.4 Dodging
 + Level 0.8 Stealth
 - Level 1.1 Spellcasting
 - Level 3.0 Hexes


You had 3 spell levels left.
You knew the following spells:

 Your Spells              Type           Power      Damage    Failure   Level
a - Slow                  Hex            36%        N/A       8%          1

Your spell library contained the following spells:

 Spells                   Type           Power      Damage    Failure   Level
 Inner Flame              Hex/Fire       4%         N/A       38%         3
 Portal Projectile        Hex/Tloc       8%         N/A       38%         3
 Cause Fear               Hex            4%         N/A       58%         4


Dungeon Overview and Level Annotations

Branches:
Dungeon (2/15)

Altars:


Innate Abilities, Weirdness & Mutations

You are small and have problems with some larger weapons.
You are completely attuned to the shadows.
You have sharp toenails.
You are partially covered in iridescent scales. (AC +2)
You are strong-willed. (Will+)


Message History

You shoot a sling bullet. The sling bullet hits the worm.
The worm is moderately wounded.
A worm comes into view.
You shoot a sling bullet.
The sling bullet barely misses the worm.
You shoot a sling bullet. The sling bullet hits the worm.
The worm is heavily wounded.
You shoot a sling bullet. The sling bullet hits the worm.
The worm is heavily wounded.
You shoot a sling bullet. The sling bullet hits the worm.
The worm is heavily wounded.
The worm bites you.
You shoot a sling bullet. The sling bullet hits the worm.
The worm is severely wounded.
You shoot a sling bullet. The sling bullet hits the worm.
The worm is almost dead.
The worm bites you.
You shoot a sling bullet. The sling bullet hits the worm!
You kill the worm!
You shoot a sling bullet.
The sling bullet hits the worm but does no damage.
The worm bites you!
* * * LOW HITPOINT WARNING * * *
Casting: Slow (safe; 8% risk of failure)
Confirm with . or Enter, or press ? or * to list all spells.
Aiming: Slow (safe; 8% risk of failure)
Press: ? - help, Shift-Dir - straight line, f/p - worm
Aim: a worm (chance to affect: 55%)
You miscast Slow.
You are very lightly contaminated with residual magic.
Nothing appears to happen.
Press: ? - help, v - describe, . - travel The floor, spattered with blood.
Casting: Slow (safe; 8% risk of failure)
Confirm with . or Enter, or press ? or * to list all spells.
Aiming: Slow (safe; 8% risk of failure)
Press: ? - help, Shift-Dir - straight line, f/p - worm
Aim: a worm (chance to affect: 55%)
You miscast Slow.
Nothing appears to happen.
The worm bites you!
You die...

### ..# #.# ...#
#.#### #..###
#....## ##.....
####..##### #......
##.....######
#......
#####......###......
######..@w......
#####...... #......
#..... ######


You could see a worm.

Vanquished Creatures
  2 worms (D:2)
  2 dart slugs
  A ball python (D:1)
  A bat (D:1)
  2 endoplasms
  3 goblins
  A hobgoblin (D:1)
  A quokka (D:1)
  A frilled lizard (D:1)
  2 kobolds (D:1)
  A rat (D:1)
17 creatures vanquished.

Notes
Turn   | Place    | Note
-------+----------+-------------------------------------------
     0 | D:1      | Newt the Kobold Arcane Marksman began the quest for the
                  | Orb.
     0 | D:1      | Reached XP level 1. HP: 12/12 MP: 2/2
    37 | D:1      | Reached skill level 3 in Ranged Weapons
   250 | D:1      | Reached XP level 2. HP: 16/16 MP: 3/3
   732 | D:2      | Reached skill level 4 in Ranged Weapons
   771 | D:2      | Gained mutation: Your magical capacity is low. (-10% MP)
                  | [potion of mutation]
   771 | D:2      | Gained mutation: You are robust. (+10% HP) [potion of
                  | mutation]
   772 | D:2      | Lost mutation: Your magical capacity is low. (-10% MP)
                  | [potion of mutation]
   772 | D:2      | Lost mutation: You are robust. (+10% HP) [potion of
                  | mutation]
   772 | D:2      | Gained mutation: You have sharp toenails. [potion of
                  | mutation]
   772 | D:2      | Gained mutation: You are agile. (Dex +4, Str/Int -1)
                  | [potion of mutation]
   773 | D:2      | Lost mutation: You have sharp toenails. [potion of
                  | mutation]
   773 | D:2      | Lost mutation: You are agile. (Dex +4, Str/Int -1) [potion
                  | of mutation]
   773 | D:2      | Gained mutation: You have sharp toenails. [potion of
                  | mutation]
   773 | D:2      | Gained mutation: You are partially covered in iridescent
                  | scales. (AC +2) [potion of mutation]
   773 | D:2      | Gained mutation: You are strong-willed. (Will+) [potion of
                  | mutation]
   795 | D:2      | Reached XP level 3. HP: 20/20 MP: 4/4
   883 | D:2      | Slain by a worm

Illustrated notes

Levels and vault maps discovered:
D:1:      amcnicky_arrival_blooded_trapdoor, layout_basic
D:2:      layout_rooms, basic_altar

Skill      XL: |  1  2 |
---------------+-------+-----
Ranged Weapons | 3 4 |  4.4
Fighting       | |  1.4
Dodging        | |  2.4
Stealth        | |  0.8
Spellcasting   | |  1.1
Hexes          | |  3.0

Action                   || total
-------------------------++-------
 Fire: Sling             ||    55
  Use: Potion            ||     3
       Scroll            ||     2
Armor: Robe              ||     2
Dodge: Dodged            ||    10

Table legend: (Time is in decaauts)
 A = Elapsed time spent in this place.
 B = Non-inter-level travel time spent in this place.
 C = Inter-level travel time spent in this place.
 D = Time resting spent in this place.
 E = Time spent auto-exploring this place.
 F = Levels seen in this place.
 G = Mean time per level.
                   A        B        C        D        E       F      G
               +--------+--------+--------+--------+--------+-----+--------+
         Total |    894 |    882 |     12 |      0 |    759 |   2 |  447.0 |
       Dungeon |    894 |    882 |     12 |      0 |    759 |   2 |  447.0 |
               +--------+--------+--------+--------+--------+-----+--------+

Top non-repeatable levels by time:
     D:1: 729 daAuts
     D:2: 164 daAuts
